 Dungeon Crawl Stone Soup version 0.30-a0-782-ge64f9170bb (webtiles) character file.

Game seed: 4641832208548308359

192 Flugkiller the Trooper (level 5, -3/44 HPs)
             Began as a Demonspawn Delver on Mar 7, 2023.
             Was an Initiate of Cheibriados.
             Slain by Menkaure (11 damage)
             ... on level 4 of the Dungeon.
             The game lasted 00:03:14 (2705 turns).

Flugkiller the Trooper (Demonspawn Delver)          Turns: 2705, Time: 00:03:15

Health: -3/44      AC: 19    Str: 15    XL:     5   Next: 42%
Magic:  5/5        EV: 10    Int: 12    God:    Cheibriados [......]
Gold:   233        SH:  4    Dex: 16    Spells: 4/4 levels left

rFire   . . .      SeeInvis .    a - +0 hand axe (heavy)
rCold   . . .      Faith    .    (no shield)
rNeg    . . .      Spirit   .    r - +0 plate armour
rPois   .          Reflect  .    u - +0 helmet
rElec   .          Harm     .    (no cloak)
rCorr   .          Rampage  .    (no gloves)
Will    .....                    i - +2 pair of boots Stlth
                                 (no amulet)
HPRegen 0.27/turn                v - +5 ring of evasion
MPRegen 0.09/turn                p - +4 ring of protection

@: very slow
A: hooves 1, large bone plates 1, demonic magic 1
a: Renounce Religion


You were on level 4 of the Dungeon.
You worshipped Cheibriados.
Cheibriados was noncommittal.
You visited 2 branches of the dungeon, and saw 6 of its levels.

You collected 233 gold pieces.

Inventory:

Hand Weapons
 a - a +0 heavy hand axe (weapon)
 l - a +0 antimagic hand axe
   (You found it on level 3 of the Dungeon)
Armour
 i - a +2 pair of boots (worn)
   (You found it on level 1 of the Dungeon)
 r - a +0 plate armour (worn)
   (You found it on level 4 of the Dungeon)
 u - a +0 helmet (worn)
   (You found it on level 1 of the Dungeon)
Jewellery
 p - a +4 ring of protection (right hand)
   (You found it on level 2 of the Dungeon)
 v - a +5 ring of evasion (left hand)
   (You found it on level 3 of the Dungeon)
Wands
 g - a wand of digging (3)
Scrolls
 c - a scroll of fog
 d - 2 scrolls of magic mapping
 f - a scroll of teleportation {unknown}
 j - a scroll of amnesia
 k - a scroll of enchant weapon
 q - 2 scrolls of vulnerability
 s - a scroll of butterflies
 x - a scroll of silence
 z - a scroll of blinking
Potions
 h - a potion of haste
 n - a potion of might {unknown}
 o - a potion of degeneration {unknown}
 t - a potion of invisibility {unknown}
 w - a potion of heal wounds


   Skills:
 - Level 5.0 Fighting
 - Level 1.7 Axes
 + Level 3.1 Armour
 - Level 1.7 Dodging
 - Level 4.5 Stealth


You had 4 spell levels left.
You didn't know any spells.
Your spell library was empty.

Dungeon Overview and Level Annotations

Branches:
Dungeon (5/15) Zot: 38504  Temple (1/1) D:4 Zot: 8874

Altars:
Ashenzari
Cheibriados
Dithmenos
Gozag
Makhleb
Ru
Sif Muna
Vehumet
Wu Jian
Xom
Yredelemnul

Annotations:
D:4 Ijyb, Menkaure


Innate Abilities, Weirdness & Mutations

You have large cloven feet.
You are partially covered in large bone plates. (SH +4)
Spells you cast may paralyse adjacent enemies.


Message History

You hit Ijyb.
Ijyb is moderately wounded.
Ijyb hits you but does no damage. The grasping roots constrict you.
Ijyb hits you but does no damage. The grasping roots constrict you.
The grasping roots release their grip on you.
Unknown command.
You hit Ijyb.
Ijyb is moderately wounded.
Ijyb zaps a wand.
The roots erupt in riotous growth!
The grasping roots grab you!
Ijyb is unaffected.
The grasping roots constrict you. Ijyb barely misses you.
The grasping roots constrict you.
Unknown command.
You slash Ijyb!
Ijyb is severely wounded.
Ijyb hits you but does no damage. The grasping roots constrict you.
Ijyb hits you but does no damage. The grasping roots constrict you.
The grasping roots release their grip on you.
Unknown command.
You hit Ijyb.
Ijyb is almost dead.
Ijyb hits you but does no damage.
Ijyb zaps a wand.
The roots erupt in riotous growth!
The grasping roots grab you!
Ijyb is unaffected.
The grasping roots constrict you.
You closely miss Ijyb.
Ijyb is almost dead.
Ijyb completely misses you. The grasping roots constrict you!
The grasping roots release their grip on you.
You completely miss Ijyb.
Ijyb is almost dead.
Ijyb hits you but does no damage.
Menkaure, Prince of Dust comes into view.
You block Ijyb's attack.
You closely miss Ijyb.
Ijyb is almost dead.
Menkaure shouts!
Ijyb zaps a wand.
The roots erupt in riotous growth!
The grasping roots grab you!
Ijyb is unaffected.
The grasping roots constrict you. Ijyb hits you but does no damage.
The grasping roots constrict you.
You hit Ijyb but do no damage.
Ijyb is almost dead.
Ijyb hits you but does no damage. The grasping roots constrict you!
* * * LOW HITPOINT WARNING * * *
Ijyb barely misses you. The grasping roots constrict you.
* * * LOW HITPOINT WARNING * * *
The grasping roots release their grip on you.
Unknown command.
You completely miss Ijyb.
Ijyb is almost dead.
Ijyb zaps a wand.
The roots erupt in riotous growth!
The grasping roots grab you!
Ijyb is unaffected.
The grasping roots constrict you. You block Ijyb's attack.
The grasping roots constrict you.
* * * LOW HITPOINT WARNING * * *
Unknown command.
You barely miss Ijyb.
Ijyb is almost dead.
Ijyb hits you but does no damage. The grasping roots constrict you.
Unknown command.
You hit Ijyb but do no damage.
Ijyb is almost dead.
Ijyb hits you but does no damage. The grasping roots constrict you.
* * * LOW HITPOINT WARNING * * *
Ijyb hits you but does no damage. The grasping roots constrict you.
Menkaure gestures wildly while chanting.
Menkaure seems to speed up.
The grasping roots release their grip on you.
Unknown command.
Okay, then.
As you read the scroll of fear, it crumbles to dust.
You assume a fearsome visage.
Menkaure is unaffected.
Ijyb looks frightened!
Unknown command.
It was a potion of heal wounds.
You feel much better.
w - a potion of heal wounds Ijyb begs for mercy.
Menkaure hits you!
Unknown command.
You closely miss Menkaure. Menkaure hits you!
* * * LOW HITPOINT WARNING * * *
Menkaure hits you but does no damage.
Unknown command.
You hit Menkaure.
Menkaure is moderately damaged.
Menkaure closely misses you. Menkaure barely misses you.
Menkaure closely misses you.
Unknown command.
You barely miss Menkaure.
Menkaure is lightly damaged.
Menkaure closely misses you. Menkaure hits you but does no damage.
Unknown command.
You hit Menkaure.
Menkaure is moderately damaged.
Menkaure closely misses you. Menkaure hits you but does no damage.
Unknown command.
You barely miss Menkaure.
Menkaure is moderately damaged.
Menkaure hits you!
You die...

.####.....#.#
.#....#.#...#
#######..##...##..#
#.......##..#######
#.......##.##
#.......##.#
#.....>†##.##
#......†....#
#.......##.@#
#.......##..M......
#.......#####...###
#.......# ##....
######### ###


You could see Menkaure (fast).

Vanquished Creatures
  A phantom (D:2)
  2 adders
  2 worms
  3 dart slugs
  4 orcs (D:2)
  7 ball pythons
  10 bats
  6 endoplasms
  2 giant cockroaches
  10 goblins
  8 hobgoblins
  12 jackals
  3 quokkas
  3 kobolds
  5 rats
78 creatures vanquished.

Notes
Turn   | Place    | Note
-------+----------+-------------------------------------------
     0 | D:5      | Flugkiller the Demonspawn Delver began the quest for the
                  | Orb.
     0 | D:5      | Reached XP level 1. HP: 18/18 MP: 1/1
    98 | D:3      | Found a faded altar of an unknown god.
   355 | D:3      | Gained mutation: You are partially covered in large bone
                  | plates. (SH +4) [demonic ancestry]
   355 | D:3      | Reached XP level 2. HP: 24/24 MP: 2/2
   484 | D:3      | Reached skill level 4 in Fighting
   505 | D:3      | Found an ornate altar of the Wu Jian Council.
   574 | D:3      | Gained mutation: You have large cloven feet. [demonic
                  | ancestry]
   574 | D:3      | Reached XP level 3. HP: 30/30 MP: 1/3
  1033 | D:2      | Noticed a phantom
  1053 | D:2      | Killed a phantom
  1054 | D:2      | Reached skill level 5 in Fighting
  1054 | D:2      | Reached skill level 1 in Armour
  1054 | D:2      | Gained mutation: Spells you cast may paralyse adjacent
                  | enemies. [demonic ancestry]
  1054 | D:2      | Reached XP level 4. HP: 13/39 MP: 1/4
  1660 | D:1      | Reached XP level 5. HP: 44/44 MP: 1/5
  2510 | D:4      | Found a staircase to the Ecumenical Temple.
  2556 | Temple   | Entered the Ecumenical Temple
  2631 | Temple   | Became a worshipper of Cheibriados the Contemplative
  2678 | D:4      | Noticed Ijyb
  2693 | D:4      | Noticed Menkaure
  2705 | D:4      | Slain by Menkaure

Illustrated notes

Levels and vault maps discovered:
D:1:      dpeg_arrival_rooms_a, layout_loops_ring
D:2:      kennysheep_six_static_rooms, layout_loops_corners
D:3:      layout_loops_cross, pdpol_wu_jian_five_deadly_venoms,
          nicolae_ecumenical_oubliette, corexii_item_surrounded_by_moat
D:4:      layout_rooms, nicolae_elyvilon_temple_path,
          minmay_temple_entry_junction, minmay_manual_monstrance, uniq_menkaure,
          uniq_ijyb
D:5:      layout_layer_cave
Temple:   nicolae_temple_x_marks_the_god

Skill      XL: |  1  2  3  4  5 |
---------------+----------------+-----
Fighting       | 4 5 |  5.0
Armour         | 1 2 3 |  3.1
Axes           | |  1.7
Dodging        | |  1.7
Stealth        | |  4.5

Action                     |  1- 3 |  4- 6 || total
---------------------------+-------+-------++-------
  Melee: Hand axe          |    97 |   156 ||   253
         Punch             |     2 |     2 ||     4
         Kick              |    13 |     7 ||    20
    Use: Potion            |     2 |     1 ||     3
         Scroll            |       |    10 ||    10
   Stab: Sleeping          |     3 |       ||     3
 Armour: Leather armour    |     8 |       ||     8
         Chain mail        |    35 |    55 ||    90
         Plate armour      |       |    29 ||    29
  Dodge: Dodged            |    43 |    89 ||   132
  Block: Other             |    10 |    32 ||    42

Table legend: (Time is in decaauts)
 A = Elapsed time spent in this place.
 B = Non-inter-level travel time spent in this place.
 C = Inter-level travel time spent in this place.
 D = Time resting spent in this place.
 E = Time spent auto-exploring this place.
 F = Levels seen in this place.
 G = Mean time per level.
                   A        B        C        D        E       F      G
               +--------+--------+--------+--------+--------+-----+--------+
         Total |   2796 |   2678 |    118 |    146 |   1803 |   6 |  466.0 |
       Dungeon |   2707 |   2607 |    100 |    146 |   1752 |   5 |  541.4 |
        Temple |     88 |     70 |     18 |      0 |     51 |   1 |   88.0 |
               +--------+--------+--------+--------+--------+-----+--------+

Top non-repeatable levels by time:
     D:2: 1137 daAuts
     D:3: 678 daAuts
     D:1: 661 daAuts
     D:4: 171 daAuts
  Temple: 88 daAuts
     D:5: 59 daAuts
